 Dungeon Crawl Stone Soup version 0.27.1 (webtiles) character file.

Game seed: 14630643128660000249

3 MajorAdolf the Magician (level 1, -2/15 HPs)
             Began as a Naga Wanderer on Aug 30, 2021.
             Slain by a hobgoblin (3 damage)
             ... on level 1 of the Dungeon.
             The game lasted 00:00:44 (189 turns).

MajorAdolf the Magician (Naga Wanderer)              Turns: 189, Time: 00:00:45

Health: -2/15      AC:  1    Str: 13    XL:     1   Next: 50%
Magic:  2/4        EV:  9    Int: 15    God:
Gold:   0          SH:  0    Dex:  8    Spells: 5/6 levels left

rFire    . . .     SeeInvis +   a - +0 club
rCold    . . .     Faith    .   (no shield)
rNeg     . . .     Spirit   .   b - +0 robe
rPois    +         Reflect  .   (no helmet)
rElec    .         Harm     .   (no cloak)
rCorr    .         Rampage  .   (no gloves)
Will     .....                  (no barding)
Stlth    +.........             (no amulet)
HPRegen  0.05/turn              (no ring)
MPRegen  0.09/turn              (no ring)

@: very slow
A: AC +0, large, see invisible, deformed body, poison resistance, slowness 2,
spit poison 1, naga tail 1
a: Spit Poison


You were on level 1 of the Dungeon.
You visited 1 branch of the dungeon, and saw 1 of its levels.

Inventory:

Hand Weapons
 a - a +0 club (weapon)
Armour
 b - a +0 robe (worn)
Potions
 c - a potion of curing


   Skills:
 - Level 3.0 Spellcasting
 + Level 0.5 Conjurations
 - Level 2.0 Ice Magic
 + Level 2.1 Earth Magic
 - Level 1.3 Poison Magic
 - Level 2.0 Evocations


You had 5 spell levels left.
You knew the following spells:

 Your Spells              Type           Power      Damage    Failure   Level
a - Magic Dart            Conj           12%        1d3       16%         1

Your spell library contained the following spells:

 Spells                   Type           Power      Damage    Failure   Level
 Sandblast                Erth           16%        2d6       9%          1
 Blink                    Tloc           N/A        N/A       30%         2
 Call Imp                 Summ           2%         N/A       30%         2
 Slow                     Hex            2%         N/A       30%         2
 Stone Arrow              Conj/Erth      12%        3d7       34%         3
 Mephitic Cloud           Conj/Pois/Air  4%         N/A       43%         3
 Conjure Flame            Conj/Fire      3%         6-21      47%         3


Dungeon Overview and Level Annotations

Branches:
Dungeon (1/15)

Altars:


Innate Abilities, Weirdness & Mutations

Your serpentine skin is tough. (AC +0)
You have supernaturally acute eyesight. (SInv)
Armour fits poorly on your strangely shaped body.
Your system is resistant to poisons. (rPois)
You cover ground very slowly.
You can spit poison.
You have a snake-like lower body.


Message History

You are very lightly contaminated with residual magic.
Nothing appears to happen.
The magic dart hits the goblin.
You kill the goblin!
A quokka comes into view.
A hobgoblin comes into view.
The magic dart hits the quokka but does no damage.
The hobgoblin shouts!
Unknown command.
Your magical contamination has completely faded away.
Press: ? - help, Shift-Dir - straight line, f/p - quokka
Aim: a quokka You fail to use your ability.
The quokka barely misses you.
Unknown command.
Press: ? - help, Shift-Dir - straight line, f/p - quokka
Aim: a quokka The splash of poison misses the quokka.
The splash of poison misses the hobgoblin.
The quokka bites you. x2
Unknown command.
The quokka bites you.
You have got your breath back.
The quokka barely misses you.
Press: ? - help, Shift-Dir - straight line, f - hobgoblin, p - quokka
Aim: a hobgoblin The splash of poison misses the quokka.
The splash of poison misses the hobgoblin.
The quokka closely misses you.
Unknown command.
The hobgoblin hits you. The quokka bites you.
* * * LOW HITPOINT WARNING * * *
The quokka barely misses you.
Okay, then.
You have got your breath back.
The quokka barely misses you.
Press: ? - help, Shift-Dir - straight line, f/p - hobgoblin
Aim: a hobgoblin You fail to use your ability.
The quokka bites you.
* * * LOW HITPOINT WARNING * * *
The hobgoblin hits you.
You die...

##..####
###............
##...##..
#)..........#..
##....+..#
#..............
#..⌠..#..#
#.............>
##....##.#
###.....###..##
##...##.#
##..#### ..#
##..##.####...#
..#
##.##.#g.....#
..#
#....@r##.###
#...####.^#
####.......
........
........#
........#
#........#
......


You could see a quokka and a hobgoblin.

Vanquished Creatures
  An endoplasm (D:1)
  A goblin (D:1)
  A rat (D:1)
3 creatures vanquished.

Notes
Turn   | Place    | Note
-------+----------+-------------------------------------------
     0 | D:1      | MajorAdolf the Naga Wanderer began the quest for the Orb.
     0 | D:1      | MajorAdolf set off with the following items: a +0 club, a
                  | +0 robe, a potion of curing; and the following spells
                  | available to memorise: Sandblast, Magic Dart, Blink, Call
                  | Imp, Slow, Stone Arrow, Mephitic Cloud, Conjure Flame
     0 | D:1      | Reached XP level 1. HP: 15/15 MP: 4/4
     2 | D:1      | Learned a level 1 spell: Magic Dart
   189 | D:1      | Slain by a hobgoblin

Illustrated notes

Levels and vault maps discovered:
D:1:      amcnicky_arrival_feature_with_door, layout_rooms

Action                   || total
-------------------------++-------
 Cast: Magic Dart        ||     6
 Abil: Spit Poison       ||     3
Dodge: Dodged            ||     5
